AoeStats
← Vexyann

Arena

510845355Analyzed
1v1 RM · 11h ago on Oct 2, 2026· 67m 33s· 2 players
Game mode
Random Map
Map size
Tiny (2 player)
Population
200
Speed
Normal
Resources
Standard
Victory
Conquest
Starting age
Dark Age
Ending age
Imperial Age
RankedLock teamsTeams togetherTeam positionsShared explorationLock speedFull tech treeHidden civsTurbo modeCheats
Victory
Defeat
🇺🇸 Khmer · United States
781
+13
🇦🇷 Berbers · Argentina
725
-13
Vexyann
2:19 Loom
12:17 Feudal Age
16:58 Castle Age
15:48 Stone Mining
26:53 Caravan
39:45 Fletching
39:56 Padded Archer Armor
46:33 Gold Mining
51:39 Imperial Age
49:54 Wheelbarrow
49:11 Double-Bit Axe
49:36 Scale Mail Armor
50:44 Bloodlines
50:51 Scale Mail Armor
50:59 Scale Barding Armor
52:12 Forging
53:16 Husbandry
55:32 Chain Barding Armor
59:24 Cavalier
64:09 Stone Shaft Mining
64:09 Gold Shaft Mining
64:48 Pikeman
joshua63775
12:45 Feudal Age
11:01 Loom
17:29 Castle Age
16:00 Man-at-Arms
20:06 Scale Barding Armor
21:26 Double-Bit Axe
22:35 Gold Mining
27:56 Pikeman
35:04 Imperial Age
32:16 Pikeman
35:52 Imperial Age
40:46 Husbandry
45:00 Wheelbarrow
47:10 Chain Barding Armor
50:09 Chemistry
50:32 Bow Saw
52:09 Hand Cart
52:03 Stone Mining
55:38 Double Crossbow
56:04 Ballistics
56:06 Cavalier
56:57 Bloodlines
58:24 Horse Collar
58:54 Onager
62:13 Elite Ballista Elephant
66:10 Plate Barding Armor
65:51 Murder Holes
Connection lost

Rejoining the realm…

Still unreachable

The connection could not be restored.

Session expired

The server has moved on; the page needs a fresh start.